Islanders vs Maple Leafs

Created - 18 décembre 2023 at 11:10

Goals
1 2 3 T
Islanders 2 0 1 3
Maple Leafs 0 1 0 1
Shots
1 2 3 T
Islanders 18 9 16 43
Maple Leafs 8 17 6 31

GoalsPenalties
1st period
1. Islanders , Jean-Gabriel Pageau 4 (Joe Pavelski 16, William Borgen 8) at 5:52
2. Islanders , Jean-Gabriel Pageau 5 (Joe Pavelski 17, Brent Burns 11) at 17:06
Andrei Svechnikov (TOR) for Cross-checking (Minor) at 11:56
2nd period
3. Maple Leafs , Kaapo Kakko 6 (Hampus Lindholm 13, Ryan Johansen 12) at 1:43
Frank Vatrano (NYI) for High sticking (Minor) at 16:15
3rd period
4. Islanders , Frank Vatrano 13 (Jordan Staal 8, Rickard Rakell 16) at 13:36
Frank Vatrano (NYI) for Cross-checking (Minor) at 14:09
Mikhail Sergachev (TOR) for Hooking (Minor) at 16:38
Goalie Stats
Linus Ullmark (NYI), 30 saves from 31 shots - (0,968), W, 18-4-1, 60:00 minutes
Pyotr Kochetkov (TOR), 40 saves from 43 shots - (0,930), L, 7-3-3, 60:00 minutes
3 StarsOfficial
1 - Jean-Gabriel Pageau (NYI)
2 - Linus Ullmark (NYI)
3 - Joe Pavelski (NYI)
Referees : Mike Duco and Andrew Howard
Linesman : Kyle Flemington and Tony Sericolo
Game Note
No Game Note
Finance
Level 1 -- Attendance: 4556 (75,93%) -- Ticket Income $501,160
Level 2 -- Attendance: 4294 (85,88%) -- Ticket Income $279,110
Level 3 -- Attendance: 1486 (74,30%) -- Ticket Income $66,870
Level 4 -- Attendance: 4000 (100,00%) -- Ticket Income $88,000
Luxury Box -- Attendance: 685 (68,50%) -- Ticket Income $154,125
Game was played at the Air Canada Center.
Total Attendance: 15021 (83,45%)
Total Ticket Income: $1,089,265
Other Income: $533,740
Total Income: $1,623,005



Team Name Goals Shots Shots Attemp Shots Blocked PIM HIT PP PK FO%
Islanders 3437954210 / 2 (0%)066%
Maple Leafs 13147154210 / 2 (0%)034%

Islanders
Player Name POS G A P +/- PIM HIT SHT SB MP PP MP PP SHT PK MP PK SHT FO% FOT GA TA
Brady SkjeiD0002001019:052:1400:0000% 011
Brent BurnsRW/D0110001020:122:1400:0000% 000
Brock NelsonC/LW0000010016:222:0700:00071% 2411
Frank VatranoC/LW/RW1011413115:321:5100:0000% 000
Ian ColeD0000012019:540:0001:5300% 001
Jason DickinsonC/LW0000011010:040:0002:0500% 010
Jason ZuckerLW/RW0001030016:110:0000:0000% 010
Jean-Gabriel PageauC/LW/RW2021027117:310:0001:43069% 1301
Jesper FastLW/RW000001308:590:0000:1000% 100
Joe PavelskiC/LW/RW0221007117:381:5100:000100% 200
Johnny GaudreauLW0000014116:222:0720:0000% 110
Jordan StaalC/LW0111011015:020:0001:43059% 1700
Kevin ShattenkirkD0000010021:011:4402:0500% 001
Mark GiordanoD0000011021:381:4402:0500% 000
Nick SchmaltzC/LW/RW0000016017:012:0710:1000% 101
Rickard RakellLW/RW0111025015:011:5100:00050% 200
Tomas NosekC/LW/RW0000040010:170:0002:050100% 301
William BorgenD0112001118:100:0001:5300% 001
Maple Leafs
Player Name POS G A P +/- PIM HIT SHT SB MP PP MP PP SHT PK MP PK SHT FO% FOT GA TA
Alex IafalloC/LW0000000016:392:0600:2500% 011
Alexander RomanovD000-2033322:251:5402:2600% 000
Andrei SvechnikovLW/RW000-2234020:072:0601:0900% 321
Braden SchneiderD0000012015:030:0000:0000% 000
Cam FowlerD000-2002022:392:0402:2600% 000
Connor BedardC0000014213:440:0000:00030% 2000
Eric StaalC/LW0000022113:500:0000:000100% 100
Hampus LindholmD0110002320:120:0000:5400% 001
Jesper BrattLW/RW0000001117:541:5101:3600% 110
Jonas RondbjergLW/RW000000007:070:0100:0000% 000
Kaapo KakkoRW1010023017:391:5102:13025% 410
Linus KarlssonC0000011113:220:0000:00020% 500
Mattias JanmarkC/LW/RW0000001010:322:0601:2300% 300
Michael McCarronC/RW000002107:070:0100:0000% 400
Mikhail SergachevD0000211321:561:5400:5000% 020
Nikolaj EhlersRW000-2013017:230:0100:0000% 100
Ryan JohansenC/RW011-2030020:091:5101:10059% 2202
Timothy LiljegrenD0000011118:122:0401:2000% 010

Islanders

5 vs 5 Forward
Line #Left WingCenterRight WingPHYDFOFWanted %Time %Time Play
1Johnny GaudreauBrock NelsonNick Schmaltz1223230%15:31
2Jason ZuckerJean-Gabriel PageauJoe Pavelski1223230%15:48
3Frank VatranoJordan StaalRickard Rakell1223025%13:03
4Jason DickinsonTomas NosekJesper Fast131615%7:42
5 vs 5 Defense
Line #DefenseDefensePHYDFOFWanted %Time %Time Play
1Ian ColeBrent Burns1223535%18:29
2Mark GiordanoKevin Shattenkirk1223333%17:12
3Brady SkjeiWilliam Borgen1223230%15:48
4Brady SkjeiBrent Burns12201%0:35
Power Play Forward
Line #Left WingCenterRight WingPHYDFOFWanted %Time %Time Play
1Frank VatranoJoe PavelskiRickard Rakell0055047%1:51
2Johnny GaudreauBrock NelsonNick Schmaltz0055053%2:07
Power Play Defense
Line #DefenseDefensePHYDFOFWanted %Time %Time Play
1Brady SkjeiBrent Burns0147056%2:14
2Mark GiordanoKevin Shattenkirk0143044%1:44
Penalty Kill 4 Players Forward
Line #CenterWingPHYDFOFWanted %Time %Time Play
1Tomas NosekJason Dickinson1405054%2:09
2Jordan StaalJean-Gabriel Pageau1405046%1:49
Penalty Kill 4 Players Defense
Line #DefenseDefensePHYDFOFWanted %Time %Time Play
1Ian ColeWilliam Borgen1405047%1:53
2Mark GiordanoKevin Shattenkirk1405053%2:05
Penalty Kill 3 Players
Line #WingPHYDFOFWanted %Time %Time PlayDefenseDefensePHYDFOFWanted %Time %Time Play
1Jordan Staal140500%0:00 Ian ColeWilliam Borgen140500%0:00
2Jean-Gabriel Pageau140500%0:00 Mark GiordanoKevin Shattenkirk140500%0:00
4 vs 4 Forward
Line #CenterWingPHYDFOFWanted %Time %Time Play
1Brock NelsonJoe Pavelski122500%0:00
2Jean-Gabriel PageauJohnny Gaudreau122500%0:00
4 vs 4 Defense
Line #DefensePHYDFOFWanted %Time %Time Play
1Ian ColeBrent Burns122500%0:00
2Mark GiordanoKevin Shattenkirk122500%0:00
Last Minutes Offensive
Left WingCenterRight WingDefenseDefense
Frank VatranoJoe PavelskiRickard RakellBrady SkjeiBrent Burns
Last Minutes Defensive
Left WingCenterRight WingDefenseDefense
Jason DickinsonJordan StaalJean-Gabriel PageauIan ColeWilliam Borgen
Time
Total ForwardTotal DefenseLast Minutes OffensiveLast Minutes Defensive
60:00 60:00 0:000:00
Extra Forwards
Normal PowerPlayPenalty Kill
Brock Nelson, Joe Pavelski, Rickard RakellFrank Vatrano, Jean-Gabriel PageauJesper Fast
Extra Defensemen
Normal PowerPlayPenalty Kill
Brent Burns, Kevin Shattenkirk, Brady SkjeiIan Cole, Brady SkjeiBrent Burns
Penalty Shots
Mark Giordano, Joe Pavelski, Rickard Rakell, Kevin Shattenkirk, Jesper Fast
Goalie
Linus Ullmark, Scott Wedgewood
Custom OT Lines Forwards
Brock Nelson, Johnny Gaudreau, Joe Pavelski, Nick Schmaltz, Jean-Gabriel Pageau, Jason Zucker, Jordan Staal, Rickard Rakell, Jason Dickinson, Frank Vatrano
Custom OT Lines Defensemen
Brent Burns, Brady Skjei, Mark Giordano, Kevin Shattenkirk, Ian Cole
Scratches
Morgan Barron (Healthy), Colin Miller (Healthy)

Maple Leafs

5 vs 5 Forward
Line #Left WingCenterRight WingPHYDFOFWanted %Time %Time Play
1Andrei SvechnikovRyan JohansenNikolaj Ehlers0323534%17:52
2Alex IafalloConnor BedardJesper Bratt0323027%14:03
3Eric StaalLinus KarlssonKaapo Kakko0232526%13:22
4Jonas RondbjergMichael McCarronMattias Janmark2211013%6:47
5 vs 5 Defense
Line #DefenseDefensePHYDFOFWanted %Time %Time Play
1Hampus LindholmMikhail Sergachev0323637%19:11
2Alexander RomanovCam Fowler0323635%18:16
3Braden SchneiderTimothy Liljegren0322828%14:37
4Hampus LindholmMikhail Sergachev03200%0:00
Power Play Forward
Line #Left WingCenterRight WingPHYDFOFWanted %Time %Time Play
1Andrei SvechnikovMattias JanmarkAlex Iafallo0145053%2:06
2Jesper BrattRyan JohansenKaapo Kakko0145047%1:52
Power Play Defense
Line #DefenseDefensePHYDFOFWanted %Time %Time Play
1Alexander RomanovMikhail Sergachev0146048%1:54
2Timothy LiljegrenCam Fowler0144052%2:04
Penalty Kill 4 Players Forward
Line #CenterWingPHYDFOFWanted %Time %Time Play
1Kaapo KakkoAndrei Svechnikov1226083%3:18
2Mattias JanmarkJesper Bratt1224017%0:40
Penalty Kill 4 Players Defense
Line #DefenseDefensePHYDFOFWanted %Time %Time Play
1Cam FowlerAlexander Romanov1226066%2:38
2Mikhail SergachevTimothy Liljegren1224034%1:20
Penalty Kill 3 Players
Line #WingPHYDFOFWanted %Time %Time PlayDefenseDefensePHYDFOFWanted %Time %Time Play
1Jesper Bratt050600%0:00 Cam FowlerAlexander Romanov041600%0:00
2Mattias Janmark050400%0:00 Mikhail SergachevTimothy Liljegren041400%0:00
4 vs 4 Forward
Line #CenterWingPHYDFOFWanted %Time %Time Play
1Andrei SvechnikovKaapo Kakko122600%0:00
2Mattias JanmarkJesper Bratt122400%0:00
4 vs 4 Defense
Line #DefensePHYDFOFWanted %Time %Time Play
1Mikhail SergachevCam Fowler122600%0:00
2Alexander RomanovTimothy Liljegren122400%0:00
Last Minutes Offensive
Left WingCenterRight WingDefenseDefense
Alex IafalloAndrei SvechnikovJesper BrattMikhail SergachevCam Fowler
Last Minutes Defensive
Left WingCenterRight WingDefenseDefense
Alex IafalloAndrei SvechnikovJesper BrattMikhail SergachevCam Fowler
Time
Total ForwardTotal DefenseLast Minutes OffensiveLast Minutes Defensive
60:00 60:00 0:000:00
Extra Forwards
Normal PowerPlayPenalty Kill
Ryan Johansen, Andrei Svechnikov, Eric StaalAndrei Svechnikov, Jesper BrattRyan Johansen
Extra Defensemen
Normal PowerPlayPenalty Kill
Mikhail Sergachev, Cam Fowler, Hampus LindholmMikhail Sergachev, Alexander RomanovHampus Lindholm
Penalty Shots
Ryan Johansen, Jesper Bratt, Andrei Svechnikov, Cam Fowler, Linus Karlsson
Goalie
Pyotr Kochetkov, Jordan Binnington
Custom OT Lines Forwards
Alex Iafallo, Jesper Bratt, Linus Karlsson, Andrei Svechnikov, Kaapo Kakko, Ryan Johansen, Michael McCarron, Mattias Janmark, Connor Bedard, Eric Staal
Custom OT Lines Defensemen
Mikhail Sergachev, Cam Fowler, Alexander Romanov, Timothy Liljegren, Braden Schneider
Scratches
Ben Hutton (Healthy), Travis Dermott (Healthy)


Play-by-Play

1st period


0:01 of 1st period - Brock Nelson wins face-off versus Ryan Johansen in neutral zone.
0:04 of 1st period - Wrist shot by Nick Schmaltz.
0:04 of 1st period - Stopped by Pyotr Kochetkov without a rebound.
0:05 of 1st period - Brock Nelson wins face-off versus Andrei Svechnikov in Maple Leafs zone.
0:12 of 1st period - Snap shot by Johnny Gaudreau.
0:12 of 1st period - Shot Blocked by Hampus Lindholm.
0:14 of 1st period - Snap shot by Nick Schmaltz.
0:14 of 1st period - Stopped by Pyotr Kochetkov with a rebound.
0:18 of 1st period - Slapshot by Nick Schmaltz.
0:18 of 1st period - Stopped by Pyotr Kochetkov without a rebound.
0:19 of 1st period - Connor Bedard wins face-off versus Jean-Gabriel Pageau in Maple Leafs zone.
1:14 of 1st period - Timothy Liljegren is hit by Frank Vatrano and loses puck.
1:45 of 1st period - Wrist shot by Frank Vatrano.
1:45 of 1st period - Shot Misses the Net.
1:59 of 1st period - Frank Vatrano is hit by Andrei Svechnikov and loses puck.
2:38 of 1st period - Kevin Shattenkirk is hit by Ryan Johansen and loses puck.
2:44 of 1st period - Off-side.
2:45 of 1st period - Brock Nelson wins face-off versus Connor Bedard in neutral zone.
2:52 of 1st period - Slapshot by Johnny Gaudreau.
2:52 of 1st period - Shot Misses the Net.
2:58 of 1st period - Wrist shot by Connor Bedard.
2:58 of 1st period - Shot Misses the Net.
3:00 of 1st period - Slapshot by Hampus Lindholm.
3:00 of 1st period - Stopped by Linus Ullmark with a rebound.
3:02 of 1st period - Slapshot by Connor Bedard.
3:02 of 1st period - Stopped by Linus Ullmark with a rebound.
3:31 of 1st period - Off-side.
3:32 of 1st period - Tomas Nosek wins face-off versus Michael McCarron in neutral zone.
3:47 of 1st period - Ian Cole is hit by Michael McCarron and loses puck.
4:21 of 1st period - Wrist shot by Joe Pavelski.
4:21 of 1st period - Stopped by Pyotr Kochetkov without a rebound.
4:22 of 1st period - Eric Staal wins face-off versus Jean-Gabriel Pageau in Maple Leafs zone.
4:41 of 1st period - Brady Skjei is hit by Kaapo Kakko and loses puck.
5:02 of 1st period - Wrist shot by Joe Pavelski.
5:02 of 1st period - Stopped by Pyotr Kochetkov with a rebound.
5:04 of 1st period - Wrist shot by Jean-Gabriel Pageau.
5:04 of 1st period - Shot Misses the Net.
5:06 of 1st period - Backhand shot by Joe Pavelski.
5:06 of 1st period - Deflect By Jean-Gabriel Pageau.
5:06 of 1st period - Stopped by Pyotr Kochetkov with a rebound.
5:08 of 1st period - Slapshot by William Borgen.
5:08 of 1st period - Shot Blocked by Alexander Romanov.
5:50 of 1st period - Snap shot by Jean-Gabriel Pageau.
5:50 of 1st period - Deflect By Joe Pavelski.
5:50 of 1st period - Stopped by Pyotr Kochetkov with a rebound.
5:52 of 1st period - Snap shot by Jean-Gabriel Pageau.
5:52 of 1st period - Goal by Jean-Gabriel Pageau - Islanders : 1 - Maple Leafs : 0.
5:53 of 1st period - Brock Nelson wins face-off versus Connor Bedard in neutral zone.
6:20 of 1st period - Mikhail Sergachev is hit by Jesper Fast and loses puck.
7:25 of 1st period - Mark Giordano is hit by Connor Bedard.
8:13 of 1st period - Mattias Janmark is hit by Nick Schmaltz and loses puck.
8:24 of 1st period - Jordan Staal is hit by Linus Karlsson and loses puck.
8:49 of 1st period - Ian Cole is hit by Timothy Liljegren and loses puck.
10:12 of 1st period - Mark Giordano is hit by Andrei Svechnikov and loses puck.
10:19 of 1st period - Wrist shot by Nikolaj Ehlers.
10:19 of 1st period - Stopped by Linus Ullmark with a rebound.
11:09 of 1st period - Braden Schneider is hit by Brock Nelson and loses puck.
11:54 of 1st period - Slapshot by Rickard Rakell.
11:54 of 1st period - Shot Misses the Net.
11:56 of 1st period - Minor Penalty to Andrei Svechnikov for Cross-checking.
11:57 of 1st period - Joe Pavelski wins face-off versus Kaapo Kakko in Maple Leafs zone.
13:56 of 1st period - Penalty to Andrei Svechnikov is over, Andrei Svechnikov is back on ice.
13:59 of 1st period - Slapshot by Jason Dickinson.
13:59 of 1st period - Shot Blocked by Hampus Lindholm.
14:01 of 1st period - Slapshot by Brent Burns.
14:01 of 1st period - Deflect By Jason Dickinson.
14:01 of 1st period - Stopped by Pyotr Kochetkov with a rebound.
14:03 of 1st period - Slapshot by Brent Burns.
14:03 of 1st period - Stopped by Pyotr Kochetkov without a rebound.
14:04 of 1st period - Ryan Johansen wins face-off versus Jesper Fast in Maple Leafs zone.
14:09 of 1st period - Jesper Fast is hit by Mikhail Sergachev and loses puck.
14:20 of 1st period - Mikhail Sergachev is hit by Ian Cole and loses puck.
14:29 of 1st period - Snap shot by Jesper Fast.
14:29 of 1st period - Stopped by Pyotr Kochetkov without a rebound.
14:30 of 1st period - Brock Nelson wins face-off versus Connor Bedard in Maple Leafs zone.
14:31 of 1st period - Slapshot by Nick Schmaltz.
14:31 of 1st period - Stopped by Pyotr Kochetkov with a rebound.
14:33 of 1st period - Slapshot by Mark Giordano.
14:33 of 1st period - Stopped by Pyotr Kochetkov without a rebound.
14:34 of 1st period - Brock Nelson wins face-off versus Connor Bedard in Maple Leafs zone.
14:37 of 1st period - Snap shot by Johnny Gaudreau.
14:37 of 1st period - Stopped by Pyotr Kochetkov without a rebound.
14:38 of 1st period - Connor Bedard wins face-off versus Brock Nelson in Maple Leafs zone.
14:49 of 1st period - Alexander Romanov is hit by Kevin Shattenkirk.
15:05 of 1st period - Wrist shot by Connor Bedard.
15:05 of 1st period - Stopped by Linus Ullmark without a rebound.
15:06 of 1st period - Ryan Johansen wins face-off versus Jean-Gabriel Pageau in Islanders zone.
15:15 of 1st period - Slapshot by Nikolaj Ehlers.
15:15 of 1st period - Shot Misses the Net.
15:17 of 1st period - Wrist shot by Andrei Svechnikov.
15:17 of 1st period - Stopped by Linus Ullmark without a rebound.
15:18 of 1st period - Ryan Johansen wins face-off versus Brock Nelson in Islanders zone.
15:45 of 1st period - Joe Pavelski is hit by Eric Staal and loses puck.
15:54 of 1st period - Slapshot by Cam Fowler.
15:54 of 1st period - Shot Misses the Net.
15:56 of 1st period - Slapshot by Alexander Romanov.
15:56 of 1st period - Deflect By Kaapo Kakko.
15:56 of 1st period - Shot Blocked by Jean-Gabriel Pageau.
15:56 of 1st period - Puck is out of play.
15:57 of 1st period - Ryan Johansen wins face-off versus Brock Nelson in Islanders zone.
16:24 of 1st period - Slapshot by Jesper Bratt.
16:24 of 1st period - Stopped by Linus Ullmark without a rebound.
16:25 of 1st period - Jean-Gabriel Pageau wins face-off versus Connor Bedard in Islanders zone.
16:30 of 1st period - Wrist shot by Joe Pavelski.
16:30 of 1st period - Deflect By Jean-Gabriel Pageau.
16:30 of 1st period - Stopped by Pyotr Kochetkov without a rebound.
16:31 of 1st period - Jordan Staal wins face-off versus Connor Bedard in Maple Leafs zone.
16:40 of 1st period - Snap shot by Rickard Rakell.
16:40 of 1st period - Shot Misses the Net.
17:06 of 1st period - Slapshot by Jean-Gabriel Pageau.
17:06 of 1st period - Goal by Jean-Gabriel Pageau - Islanders : 2 - Maple Leafs : 0.
17:07 of 1st period - Ryan Johansen wins face-off versus Johnny Gaudreau in neutral zone.
17:18 of 1st period - Slapshot by Nikolaj Ehlers.
17:18 of 1st period - Shot Misses the Net.
17:32 of 1st period - Cam Fowler is hit by Jean-Gabriel Pageau and loses puck.
17:43 of 1st period - Snap shot by Jean-Gabriel Pageau.
17:43 of 1st period - Shot Misses the Net.
17:45 of 1st period - Slapshot by William Borgen.
17:45 of 1st period - Stopped by Pyotr Kochetkov with a rebound.
18:01 of 1st period - Wrist shot by Eric Staal.
18:01 of 1st period - Stopped by Linus Ullmark with a rebound.
18:03 of 1st period - Snap shot by Linus Karlsson.
18:03 of 1st period - Stopped by Linus Ullmark without a rebound.
18:04 of 1st period - Ryan Johansen wins face-off versus Brock Nelson in Islanders zone.
18:13 of 1st period - Wrist shot by Andrei Svechnikov.
18:13 of 1st period - Shot Blocked by Johnny Gaudreau.
18:55 of 1st period - Alex Iafallo is hit by Jordan Staal.
19:58 of 1st period - Snap shot by Frank Vatrano.
19:58 of 1st period - Stopped by Pyotr Kochetkov with a rebound.
Goals for this period are 2 for Islanders vs 0 for Maple Leafs.
Shots for this period are 18 for Islanders vs 8 for Maple Leafs.

2nd period


0:01 of 2nd period - Jean-Gabriel Pageau wins face-off versus Connor Bedard in neutral zone.
0:29 of 2nd period - Wrist shot by Eric Staal.
0:29 of 2nd period - Shot Misses the Net.
0:31 of 2nd period - Snap shot by Timothy Liljegren.
0:31 of 2nd period - Deflect By Kaapo Kakko.
0:31 of 2nd period - Shot Misses the Net.
0:31 of 2nd period - Puck is out of play.
0:32 of 2nd period - Kaapo Kakko wins face-off versus Jordan Staal in Islanders zone.
0:33 of 2nd period - Backhand shot by Linus Karlsson.
0:33 of 2nd period - Shot Misses the Net.
0:39 of 2nd period - Snap shot by Kaapo Kakko.
0:39 of 2nd period - Deflect By Linus Karlsson.
0:39 of 2nd period - Shot Blocked by William Borgen.
0:39 of 2nd period - Puck is out of play.
0:40 of 2nd period - Jordan Staal wins face-off versus Andrei Svechnikov in Islanders zone.
0:40 of 2nd period - Jordan Staal is hit by Ryan Johansen.
0:57 of 2nd period - Icing by Frank Vatrano.
0:58 of 2nd period - Connor Bedard wins face-off versus Jordan Staal in Islanders zone.
1:11 of 2nd period - Snap shot by Connor Bedard.
1:11 of 2nd period - Stopped by Linus Ullmark without a rebound.
1:12 of 2nd period - Brock Nelson wins face-off versus Ryan Johansen in Islanders zone.
1:19 of 2nd period - Slapshot by Brent Burns.
1:19 of 2nd period - Shot Blocked by Mikhail Sergachev.
1:43 of 2nd period - Wrist shot by Kaapo Kakko.
1:43 of 2nd period - Goal by Kaapo Kakko - Islanders : 2 - Maple Leafs : 1.
1:44 of 2nd period - Connor Bedard wins face-off versus Brock Nelson in neutral zone.
1:59 of 2nd period - Backhand shot by Connor Bedard.
1:59 of 2nd period - Stopped by Linus Ullmark without a rebound.
2:00 of 2nd period - Jean-Gabriel Pageau wins face-off versus Linus Karlsson in Islanders zone.
2:14 of 2nd period - Slapshot by Kaapo Kakko.
2:14 of 2nd period - Stopped by Linus Ullmark with a rebound.
2:16 of 2nd period - Slapshot by Alexander Romanov.
2:16 of 2nd period - Stopped by Linus Ullmark without a rebound.
2:17 of 2nd period - Jordan Staal wins face-off versus Ryan Johansen in Islanders zone.
2:44 of 2nd period - Timothy Liljegren is hit by Johnny Gaudreau and loses puck.
3:13 of 2nd period - Kaapo Kakko is hit by Jason Zucker and loses puck.
3:35 of 2nd period - Mikhail Sergachev is hit by Jason Dickinson and loses puck.
5:11 of 2nd period - Off-side.
5:12 of 2nd period - Brock Nelson wins face-off versus Michael McCarron in neutral zone.
5:39 of 2nd period - Slapshot by Joe Pavelski.
5:39 of 2nd period - Shot Blocked by Jesper Bratt.
5:41 of 2nd period - Slapshot by William Borgen.
5:41 of 2nd period - Shot Blocked by Connor Bedard.
5:43 of 2nd period - Slapshot by Brady Skjei.
5:43 of 2nd period - Deflect By Joe Pavelski.
5:43 of 2nd period - Stopped by Pyotr Kochetkov with a rebound.
5:45 of 2nd period - Snap shot by Jean-Gabriel Pageau.
5:45 of 2nd period - Shot Blocked by Mikhail Sergachev.
5:47 of 2nd period - Snap shot by Jason Zucker.
5:47 of 2nd period - Shot Misses the Net.
6:23 of 2nd period - Snap shot by Jesper Fast.
6:23 of 2nd period - Stopped by Pyotr Kochetkov with a rebound.
6:43 of 2nd period - Slapshot by Mattias Janmark.
6:43 of 2nd period - Stopped by Linus Ullmark with a rebound.
6:45 of 2nd period - Slapshot by Mikhail Sergachev.
6:45 of 2nd period - Stopped by Linus Ullmark without a rebound.
6:46 of 2nd period - Rickard Rakell wins face-off versus Michael McCarron in Islanders zone.
6:56 of 2nd period - Off-side.
6:57 of 2nd period - Brock Nelson wins face-off versus Ryan Johansen in neutral zone.
7:22 of 2nd period - Braden Schneider is hit by Jean-Gabriel Pageau and loses puck.
7:45 of 2nd period - Frank Vatrano is hit by Eric Staal and loses puck.
8:04 of 2nd period - Jason Dickinson is hit by Braden Schneider and loses puck.
8:30 of 2nd period - Snap shot by Nikolaj Ehlers.
8:30 of 2nd period - Shot Misses the Net.
8:32 of 2nd period - Slapshot by Andrei Svechnikov.
8:32 of 2nd period - Stopped by Linus Ullmark without a rebound.
8:33 of 2nd period - Jean-Gabriel Pageau wins face-off versus Andrei Svechnikov in Islanders zone.
8:58 of 2nd period - Alexander Romanov is hit by Mark Giordano and loses puck.
9:07 of 2nd period - Wrist shot by Frank Vatrano.
9:07 of 2nd period - Deflect By Rickard Rakell.
9:07 of 2nd period - Shot Misses the Net.
9:07 of 2nd period - Puck is out of play.
9:08 of 2nd period - Ryan Johansen wins face-off versus Brock Nelson in Maple Leafs zone.
9:14 of 2nd period - Off-side.
9:15 of 2nd period - Ryan Johansen wins face-off versus Brock Nelson in neutral zone.
9:18 of 2nd period - Snap shot by Andrei Svechnikov.
9:18 of 2nd period - Stopped by Linus Ullmark without a rebound.
9:19 of 2nd period - Jean-Gabriel Pageau wins face-off versus Linus Karlsson in Islanders zone.
9:44 of 2nd period - Jean-Gabriel Pageau is hit by Andrei Svechnikov and loses puck.
10:29 of 2nd period - Snap shot by Jean-Gabriel Pageau.
10:29 of 2nd period - Deflect By Jason Zucker.
10:29 of 2nd period - Shot Blocked by Alexander Romanov.
10:29 of 2nd period - Puck is out of play.
10:30 of 2nd period - Jordan Staal wins face-off versus Connor Bedard in Maple Leafs zone.
10:35 of 2nd period - Snap shot by Rickard Rakell.
10:35 of 2nd period - Stopped by Pyotr Kochetkov with a rebound.
10:39 of 2nd period - Snap shot by Rickard Rakell.
10:39 of 2nd period - Shot Misses the Net.
10:41 of 2nd period - Slapshot by Jordan Staal.
10:41 of 2nd period - Stopped by Pyotr Kochetkov with a rebound.
10:43 of 2nd period - Snap shot by Frank Vatrano.
10:43 of 2nd period - Shot Blocked by Mikhail Sergachev.
10:55 of 2nd period - Connor Bedard is hit by Tomas Nosek.
10:59 of 2nd period - Mikhail Sergachev is hit by Tomas Nosek and loses puck.
11:04 of 2nd period - Wrist shot by Jesper Fast.
11:04 of 2nd period - Stopped by Pyotr Kochetkov without a rebound.
11:05 of 2nd period - Brock Nelson wins face-off versus Linus Karlsson in Maple Leafs zone.
11:20 of 2nd period - Snap shot by Eric Staal.
11:20 of 2nd period - Stopped by Linus Ullmark without a rebound.
11:21 of 2nd period - Ryan Johansen wins face-off versus Jordan Staal in Islanders zone.
11:36 of 2nd period - Snap shot by Jordan Staal.
11:36 of 2nd period - Shot Misses the Net.
12:11 of 2nd period - Snap shot by Jesper Bratt.
12:11 of 2nd period - Shot Misses the Net.
12:17 of 2nd period - Mikhail Sergachev is hit by Jason Zucker and loses puck.
12:57 of 2nd period - Wrist shot by Rickard Rakell.
12:57 of 2nd period - Stopped by Pyotr Kochetkov without a rebound.
12:58 of 2nd period - Brock Nelson wins face-off versus Connor Bedard in Maple Leafs zone.
13:32 of 2nd period - Wrist shot by Jordan Staal.
13:32 of 2nd period - Shot Blocked by Timothy Liljegren.
13:34 of 2nd period - Slapshot by Mark Giordano.
13:34 of 2nd period - Deflect By Rickard Rakell.
13:34 of 2nd period - Stopped by Pyotr Kochetkov with a rebound.
13:36 of 2nd period - Snap shot by Jordan Staal.
13:36 of 2nd period - Deflect By Rickard Rakell.
13:36 of 2nd period - Stopped by Pyotr Kochetkov with a rebound.
13:38 of 2nd period - Wrist shot by Jordan Staal.
13:38 of 2nd period - Shot Misses the Net.
13:58 of 2nd period - Wrist shot by Joe Pavelski.
13:58 of 2nd period - Stopped by Pyotr Kochetkov without a rebound.
13:59 of 2nd period - Brock Nelson wins face-off versus Connor Bedard in Maple Leafs zone.
14:37 of 2nd period - Hampus Lindholm is hit by Rickard Rakell and loses puck.
14:59 of 2nd period - Slapshot by Hampus Lindholm.
14:59 of 2nd period - Stopped by Linus Ullmark without a rebound.
15:00 of 2nd period - Brock Nelson wins face-off versus Jesper Bratt in Islanders zone.
15:27 of 2nd period - Andrei Svechnikov is hit by Jason Zucker and loses puck.
16:04 of 2nd period - Slapshot by Cam Fowler.
16:04 of 2nd period - Stopped by Linus Ullmark without a rebound.
16:05 of 2nd period - Connor Bedard wins face-off versus Rickard Rakell in Islanders zone.
16:15 of 2nd period - Minor Penalty to Frank Vatrano for High sticking.
16:16 of 2nd period - Tomas Nosek wins face-off versus Mattias Janmark in Islanders zone.
16:16 of 2nd period - Tomas Nosek is hit by Alexander Romanov.
18:15 of 2nd period - Penalty to Frank Vatrano is over, Frank Vatrano is back on ice.
18:17 of 2nd period - Frank Vatrano is hit by Michael McCarron and loses puck.
18:22 of 2nd period - Wrist shot by Michael McCarron.
18:22 of 2nd period - Stopped by Linus Ullmark with a rebound.
18:26 of 2nd period - Snap shot by Nikolaj Ehlers.
18:26 of 2nd period - Stopped by Linus Ullmark with a rebound.
18:28 of 2nd period - Wrist shot by Braden Schneider.
18:28 of 2nd period - Deflect By Nick Schmaltz.
18:28 of 2nd period - Stopped by Linus Ullmark with a rebound.
18:43 of 2nd period - Icing by Eric Staal.
18:44 of 2nd period - Linus Karlsson wins face-off versus Jean-Gabriel Pageau in Maple Leafs zone.
18:49 of 2nd period - Slapshot by Kaapo Kakko.
18:49 of 2nd period - Shot Blocked by Joe Pavelski.
18:51 of 2nd period - Snap shot by Kaapo Kakko.
18:51 of 2nd period - Stopped by Linus Ullmark without a rebound.
18:52 of 2nd period - Ryan Johansen wins face-off versus Jordan Staal in Islanders zone.
18:53 of 2nd period - Wrist shot by Nikolaj Ehlers.
18:53 of 2nd period - Stopped by Linus Ullmark without a rebound.
18:54 of 2nd period - Jordan Staal wins face-off versus Nikolaj Ehlers in Islanders zone.
Goals for this period are 0 for Islanders vs 1 for Maple Leafs.
Shots for this period are 9 for Islanders vs 17 for Maple Leafs.

3rd period


0:01 of 3rd period - Jordan Staal wins face-off versus Ryan Johansen in neutral zone.
0:12 of 3rd period - Slapshot by Frank Vatrano.
0:12 of 3rd period - Stopped by Pyotr Kochetkov with a rebound.
0:26 of 3rd period - Johnny Gaudreau is hit by Alexander Romanov and loses puck.
1:22 of 3rd period - Backhand shot by Joe Pavelski.
1:22 of 3rd period - Shot Hit the Post.
2:19 of 3rd period - Michael McCarron is hit by Tomas Nosek and loses puck.
3:00 of 3rd period - William Borgen is hit by Nikolaj Ehlers and loses puck.
3:29 of 3rd period - Slapshot by Cam Fowler.
3:29 of 3rd period - Deflect By Jason Dickinson.
3:29 of 3rd period - Stopped by Linus Ullmark with a rebound.
4:11 of 3rd period - Slapshot by Rickard Rakell.
4:11 of 3rd period - Shot Misses the Net.
5:34 of 3rd period - Slapshot by Andrei Svechnikov.
5:34 of 3rd period - Stopped by Linus Ullmark with a rebound.
5:36 of 3rd period - Slapshot by Braden Schneider.
5:36 of 3rd period - Stopped by Linus Ullmark without a rebound.
5:37 of 3rd period - Jordan Staal wins face-off versus Connor Bedard in Islanders zone.
6:17 of 3rd period - Wrist shot by Nick Schmaltz.
6:17 of 3rd period - Stopped by Pyotr Kochetkov without a rebound.
6:18 of 3rd period - Jean-Gabriel Pageau wins face-off versus Michael McCarron in Maple Leafs zone.
6:43 of 3rd period - Brent Burns is hit by Alexander Romanov.
7:02 of 3rd period - Off-side.
7:03 of 3rd period - Jordan Staal wins face-off versus Linus Karlsson in neutral zone.
7:06 of 3rd period - Snap shot by Rickard Rakell.
7:06 of 3rd period - Stopped by Pyotr Kochetkov with a rebound.
7:37 of 3rd period - Snap shot by Brock Nelson.
7:37 of 3rd period - Shot Misses the Net.
7:39 of 3rd period - Snap shot by Brady Skjei.
7:39 of 3rd period - Stopped by Pyotr Kochetkov without a rebound.
7:40 of 3rd period - Jean-Gabriel Pageau wins face-off versus Ryan Johansen in Maple Leafs zone.
7:51 of 3rd period - Snap shot by Andrei Svechnikov.
7:51 of 3rd period - Shot Misses the Net.
7:53 of 3rd period - Slapshot by Alexander Romanov.
7:53 of 3rd period - Stopped by Linus Ullmark with a rebound.
7:55 of 3rd period - Wrist shot by Alexander Romanov.
7:55 of 3rd period - Stopped by Linus Ullmark with a rebound.
8:11 of 3rd period - Jesper Bratt is hit by Rickard Rakell.
9:07 of 3rd period - Slapshot by Rickard Rakell.
9:07 of 3rd period - Deflect By Frank Vatrano.
9:07 of 3rd period - Shot Misses the Net.
9:07 of 3rd period - Puck is out of play.
9:08 of 3rd period - Jordan Staal wins face-off versus Ryan Johansen in Maple Leafs zone.
9:19 of 3rd period - Backhand shot by Frank Vatrano.
9:19 of 3rd period - Shot Misses the Net.
9:37 of 3rd period - Snap shot by Jean-Gabriel Pageau.
9:37 of 3rd period - Shot Blocked by Connor Bedard.
10:41 of 3rd period - Wrist shot by Andrei Svechnikov.
10:41 of 3rd period - Shot Blocked by Frank Vatrano.
10:43 of 3rd period - Slapshot by Timothy Liljegren.
10:43 of 3rd period - Stopped by Linus Ullmark without a rebound.
10:44 of 3rd period - Jean-Gabriel Pageau wins face-off versus Ryan Johansen in Islanders zone.
10:55 of 3rd period - Wrist shot by Joe Pavelski.
10:55 of 3rd period - Stopped by Pyotr Kochetkov without a rebound.
10:56 of 3rd period - Jean-Gabriel Pageau wins face-off versus Ryan Johansen in Maple Leafs zone.
11:21 of 3rd period - Joe Pavelski is hit by Kaapo Kakko.
11:37 of 3rd period - Snap shot by Jean-Gabriel Pageau.
11:37 of 3rd period - Shot Blocked by Linus Karlsson.
11:39 of 3rd period - Backhand shot by Ian Cole.
11:39 of 3rd period - Stopped by Pyotr Kochetkov with a rebound.
11:41 of 3rd period - Wrist shot by Joe Pavelski.
11:41 of 3rd period - Stopped by Pyotr Kochetkov with a rebound.
11:55 of 3rd period - Wrist shot by Joe Pavelski.
11:55 of 3rd period - Shot Blocked by Eric Staal.
11:57 of 3rd period - Wrist shot by Jean-Gabriel Pageau.
11:57 of 3rd period - Stopped by Pyotr Kochetkov with a rebound.
12:27 of 3rd period - Wrist shot by Jean-Gabriel Pageau.
12:27 of 3rd period - Stopped by Pyotr Kochetkov with a rebound.
12:29 of 3rd period - Snap shot by Jean-Gabriel Pageau.
12:29 of 3rd period - Shot Misses the Net.
12:59 of 3rd period - Wrist shot by Jean-Gabriel Pageau.
12:59 of 3rd period - Stopped by Pyotr Kochetkov without a rebound.
13:00 of 3rd period - Brock Nelson wins face-off versus Connor Bedard in Maple Leafs zone.
13:01 of 3rd period - Wrist shot by Johnny Gaudreau.
13:01 of 3rd period - Deflect By Brock Nelson.
13:01 of 3rd period - Shot Misses the Net.
13:01 of 3rd period - Puck is out of play.
13:02 of 3rd period - Connor Bedard wins face-off versus Nick Schmaltz in Maple Leafs zone.
13:30 of 3rd period - Slapshot by William Borgen.
13:30 of 3rd period - Shot Blocked by Alexander Romanov.
13:32 of 3rd period - Snap shot by Rickard Rakell.
13:32 of 3rd period - Shot Misses the Net.
13:34 of 3rd period - Wrist shot by Jordan Staal.
13:34 of 3rd period - Shot Misses the Net.
13:36 of 3rd period - Wrist shot by Frank Vatrano.
13:36 of 3rd period - Goal by Frank Vatrano - Islanders : 3 - Maple Leafs : 1.
13:37 of 3rd period - Brock Nelson wins face-off versus Connor Bedard in neutral zone.
13:43 of 3rd period - Off-side.
13:44 of 3rd period - Brock Nelson wins face-off versus Connor Bedard in neutral zone.
13:51 of 3rd period - Backhand shot by Johnny Gaudreau.
13:51 of 3rd period - Stopped by Pyotr Kochetkov with a rebound.
13:53 of 3rd period - Slapshot by Ian Cole.
13:53 of 3rd period - Stopped by Pyotr Kochetkov without a rebound.
13:54 of 3rd period - Ryan Johansen wins face-off versus Jordan Staal in Maple Leafs zone.
13:58 of 3rd period - Off-side.
13:59 of 3rd period - Ryan Johansen wins face-off versus Jordan Staal in neutral zone.
14:09 of 3rd period - Minor Penalty to Frank Vatrano for Cross-checking.
14:10 of 3rd period - Ryan Johansen wins face-off versus Jordan Staal in Islanders zone.
14:10 of 3rd period - Snap shot by Jesper Bratt.
14:10 of 3rd period - Shot Misses the Net.
15:28 of 3rd period - Ryan Johansen is hit by Tomas Nosek and loses puck.
15:42 of 3rd period - Icing by Alex Iafallo.
15:43 of 3rd period - Jordan Staal wins face-off versus Mattias Janmark in Maple Leafs zone.
15:49 of 3rd period - Icing by Alex Iafallo.
15:50 of 3rd period - Tomas Nosek wins face-off versus Mattias Janmark in Maple Leafs zone.
15:53 of 3rd period - Snap shot by Tomas Nosek.
15:53 of 3rd period - Shot Misses the Net.
16:09 of 3rd period - Penalty to Frank Vatrano is over, Frank Vatrano is back on ice.
16:38 of 3rd period - Minor Penalty to Mikhail Sergachev for Hooking.
16:39 of 3rd period - Brock Nelson wins face-off versus Kaapo Kakko in Maple Leafs zone.
16:53 of 3rd period - Wrist shot by Johnny Gaudreau.
16:53 of 3rd period - Stopped by Pyotr Kochetkov with a rebound.
17:07 of 3rd period - Wrist shot by Johnny Gaudreau.
17:07 of 3rd period - Stopped by Pyotr Kochetkov with a rebound.
17:23 of 3rd period - Snap shot by Johnny Gaudreau.
17:23 of 3rd period - Shot Blocked by Hampus Lindholm.
17:41 of 3rd period - Slapshot by Nick Schmaltz.
17:41 of 3rd period - Stopped by Pyotr Kochetkov without a rebound.
17:42 of 3rd period - Joe Pavelski wins face-off versus Kaapo Kakko in Maple Leafs zone.
18:38 of 3rd period - Penalty to Mikhail Sergachev is over, Mikhail Sergachev is back on ice.
19:34 of 3rd period - Mark Giordano is hit by Ryan Johansen and loses puck.
Goals for this period are 1 for Islanders vs 0 for Maple Leafs.
Shots for this period are 16 for Islanders vs 6 for Maple Leafs.